 Dungeon Crawl Stone Soup version 0.27-a0-951-gae3e1deef5 (webtiles) character file.

Game seed: 17025954548971088890

8 polve the Skirmisher (level 2, -1/24 HPs)
             Began as a Demonspawn Abyssal Knight on Apr 11, 2021.
             Was a Follower of Lugonu.
             Slain by a frilled lizard (3 damage)
             ... on level 1 of the Dungeon.
             The game lasted 00:00:30 (385 turns).

polve the Skirmisher (Demonspawn Abyssal Knight)     Turns: 385, Time: 00:00:31

Health: -1/24      AC:  3    Str: 12    XL:     2   Next: 0%
Magic:  3/3        EV: 11    Int: 13    God:    Lugonu [*.....]
Gold:   84         SH:  0    Dex: 12    Spells: 1/1 levels left

rFire    . . .     SeeInvis .   a - +1 short sword
rCold    . . .     Faith    .   (no shield)
rNeg     . . .     Spirit   .   b - +0 leather armour
rPois    .         Reflect  .   (no helmet)
rElec    .         Harm     .   (no cloak)
rCorr    .         Rampage  .   (no gloves)
Will     .....                  (no boots)
Stlth    +.........             (no amulet)
HPRegen  0.08/turn              (no ring)
MPRegen  0.08/turn              (no ring)

@: no status effects
A: powered by pain 1
a: Renounce Religion, Depart the Abyss


You were on level 1 of the Dungeon.
You worshipped Lugonu.
Lugonu was aware of your devotion.
You visited 1 branch of the dungeon, and saw 1 of its levels.
You visited the Abyss 1 time.

You collected 84 gold pieces.

Inventory:

Hand Weapons
 a - a +1 short sword (weapon)
Armour
 b - a +0 leather armour (worn)
 g - a +0 pair of gloves
Scrolls
 c - a scroll of immolation {unknown}
 e - a scroll of teleportation {unknown}
 f - a scroll of magic mapping {unknown}
Potions
 d - a potion of invisibility {unknown}


   Skills:
 - Level 3.0 Fighting
 + Level 2.5 Short Blades
 - Level 1.7 Armour
 - Level 0.8 Dodging
 - Level 2.4 Invocations


You had one spell level left.
You didn't know any spells.
Your spell library contained the following spells:

 Spells                   Type           Power      Damage    Failure   Level
 Confusing Touch          Hex            0%         N/A       75%         3
 Gell's Gravitas          Tloc           0%         N/A       75%         3
 Petrify                  Tmut/Erth      0%         N/A       98%         4
 Metabolic Englaciation   Hex/Ice        0%         N/A       100%        5
 Yara's Violent Unravell  Hex/Tmut       0%         3d3       100%        5


Dungeon Overview and Level Annotations

Branches:
Dungeon (1/15)

Altars:


Innate Abilities, Weirdness & Mutations

You sometimes gain a little power by taking damage.


Message History

You kill the quokka!
Lugonu accepts your kill.
A giant cockroach comes into view.
You have reached level 2!
Your demonic ancestry asserts itself...
You feel energised by your suffering. The frilled lizard barely misses you.
The frilled lizard bites you but does no damage.
The frilled lizard bites you.
The hobgoblin hits you but does no damage.
The frilled lizard barely misses you. The hobgoblin hits you.
The frilled lizard barely misses you.
The hobgoblin hits you but does no damage.
The frilled lizard bites you but does no damage.
The hobgoblin hits you but does no damage.
The frilled lizard bites you. The hobgoblin misses you.
The frilled lizard barely misses you. The hobgoblin barely misses you.
The frilled lizard bites you but does no damage.
The hobgoblin barely misses you. The frilled lizard closely misses you.
The hobgoblin hits you. The frilled lizard barely misses you.
The hobgoblin hits you. The frilled lizard bites you. The hobgoblin hits you.
The frilled lizard bites you but does no damage.
The hobgoblin closely misses you. The frilled lizard misses you.
The hobgoblin barely misses you.
The frilled lizard bites you but does no damage.
The hobgoblin hits you.
* * * LOW HITPOINT WARNING * * *
The frilled lizard closely misses you.
A giant cockroach comes into view.
The hobgoblin barely misses you.
The frilled lizard completely misses you.
The hobgoblin hits you.
* * * LOW HITPOINT WARNING * * *
The frilled lizard bites you.
* * * LOW HITPOINT WARNING * * *
The hobgoblin misses you. The frilled lizard closely misses you.
The hobgoblin barely misses you. The frilled lizard bites you.
You die...

######## ## #......# .#
. #......# ### .# ..
#......# ..# .# #.##
##......# #.# .#B....
........# #.###...#
##......######.##gB..#
.####...(.......@l#....#
...##..########.###
..... .####..# #.# .###
...##..# ... # ...##.##
....# .####.# ...#..
...##.# ...# #.# ...####
...# .# .#.#


You could see 2 giant cockroaches, a hobgoblin and a frilled lizard.

Vanquished Creatures
  An endoplasm (D:1)
  A hobgoblin (D:1)
  A kobold (D:1)
  2 quokkas (D:1)
  2 rats (D:1)
7 creatures vanquished.

Notes
Turn   | Place    | Note
-------+----------+-------------------------------------------
     0 | Abyss:1  | polve the Demonspawn Abyssal Knight began the quest for the
                  | Orb.
     0 | Abyss:1  | Reached XP level 1. HP: 18/18 MP: 2/2
    67 | Abyss:2  | Noticed a large abomination
    84 | Abyss:2  | Noticed an orange demon
    88 | Abyss:2  | Noticed a flying skull
    91 | D:1      | Escaped the Abyss
   123 | D:1      | Reached * piety under Lugonu
   365 | D:1      | Gained mutation: You sometimes gain a little power by
                  | taking damage. [demonic ancestry]
   365 | D:1      | Reached XP level 2. HP: 21/24 MP: 3/3
   385 | D:1      | Slain by a frilled lizard

Illustrated notes

Levels and vault maps discovered:
D:1:      dpeg_arrival_ternary, layout_rooms

Skill      XL: |  1 |
---------------+----+-----
Short Blades   | 2 |  2.5
Fighting       | |  3.0
Armour         | |  1.7
Dodging        | |  0.8
Invocations    | |  2.4

Action                   || total
-------------------------++-------
Melee: Short sword       ||    23
Invok: Depart the Abyss  ||     1
Armor: Leather armour    ||    13
Dodge: Dodged            ||    33

Table legend: (Time is in decaauts)
 A = Elapsed time spent in this place.
 B = Non-inter-level travel time spent in this place.
 C = Inter-level travel time spent in this place.
 D = Time resting spent in this place.
 E = Time spent auto-exploring this place.
 F = Levels seen in this place.
 G = Mean time per level.
                   A        B        C        D        E       F      G
               +--------+--------+--------+--------+--------+-----+--------+
         Total |    384 |    384 |      0 |      0 |    287 |   3 |  128.0 |
       Dungeon |    293 |    293 |      0 |      0 |    229 |   1 |  293.0 |
         Abyss |     90 |     90 |      0 |      0 |     58 |   2 |   45.0 |
               +--------+--------+--------+--------+--------+-----+--------+

Top non-repeatable levels by time:
     D:1: 293 daAuts
 Abyss:2: 54 daAuts
 Abyss:1: 36 daAuts
